 Dungeon Crawl Stone Soup version 0.25-a0-424-g80bd347ae0 (webtiles) character file.

Game seed: 5093811658926374684, levelgen mode: deterministic

17 Qrupt the Stinger (level 2, 19/19 HPs)
             Began as a Merfolk Venom Mage on Oct 7, 2019.
             Quit the game on level 1 of the Dungeon on Jan 20, 2020.
             The game lasted 00:03:23 (1202 turns).

Qrupt the Stinger (Merfolk Venom Mage)              Turns: 1202, Time: 00:03:24

Health: 19/19      AC:  2    Str:  8    XL:     2   Next: 62%
Magic:  5/5        EV: 13    Int: 14    God:
Gold:   42         SH:  0    Dex: 14    Spells: 4/5 levels left

rFire    . . .     SeeInvis .   b - -3 spear (curse)
rCold    . . .     Gourm    .   (no shield)
rNeg     . . .     Faith    .   a - +0 robe
rPois    .         Spirit   .   (no helmet)
rElec    .         Reflect  .   (no cloak)
rCorr    +         Harm     .   (no gloves)
MR       .....                  (no boots)
Stlth    ++........             (no amulet)
HPRegen  0.06/turn              g - ring of resist corrosion
MPRegen  0.09/turn              (no ring)

@: no status effects
A: change form in water, swift swim, stealthy swim
a: no special abilities


You were on level 1 of the Dungeon.
You were hungry.

You visited 1 branch of the dungeon, and saw 1 of its levels.

You collected 42 gold pieces.

Inventory:

Hand Weapons
 b - a cursed -3 spear (weapon)
Armour
 a - a +0 robe (worn)
Jewellery
 g - a ring of resist corrosion (left hand)
Scrolls
 d - a scroll of identify {unknown}
 e - a scroll of blinking {unknown}
 f - a scroll of immolation {unknown}
 i - a scroll of remove curse {unknown}
 k - a scroll of teleportation {unknown}
Potions
 h - a potion of curing {unknown}
 j - a potion of might {unknown}
Comestibles
 c - 2 rations


   Skills:
 - Level 2.6 Dodging
 - Level 2.1 Stealth
 - Level 2.0 Spellcasting
   Level 0.7 Conjurations
 + Level 4.3 Poison Magic


You had 4 spell levels left.
You knew the following spells:

 Your Spells              Type           Power        Failure   Level  Hunger
a - Sting                 Tmut/Pois      #...         10%         1    ##.....

Your spell library contained the following spells:

 Spells                   Type           Power        Failure   Level  Hunger
 Poisonous Vapours        Pois/Air       #.....       16%         2    ###....
 Mephitic Cloud           Conj/Pois/Air  #.......     34%         3    ####...
 Olgreb's Toxic Radiance  Pois           ##......     38%         4    #####..


Dungeon Overview and Level Annotations

Branches:
Dungeon (1/15)

Altars:


Message History

You butcher the frilled lizard corpse.
j - a chunk of flesh You see here a frilled lizard skeleton.
Eating a chunk of flesh.
You eat the chunk of flesh.
This raw flesh tastes terrible.
Found a mace.
You now have 42 gold pieces (gained 11).
j - a murky orange potion Key pressed, stopping explore.
Key pressed, stopping explore.
k - a scroll labeled ORI WANUSOARA You see here 14 stones.
You are feeling hungry.
There is a stone staircase leading down here.
Welcome back, Qrupt the Merfolk Venom Mage.
Press ? for a list of commands and other information.
Saving game... please wait.
Welcome back, Qrupt the Merfolk Venom Mage.
Press ? for a list of commands and other information.
Are you sure you want to abandon this character and quit the game? (Confirm with "yes".)

..)..........................#
.....######..###.###########.#
........ #..###.##### #.#
..........+..........# #.#
..........#..#....##.# #.# ##
..........#..#....##.#######.###.
###..........'...................
........#.#..#...............÷.##
.###....#.#..###@..#......##.#.##
.......†#.#............#####.#.#.
.................................
.....##.#.##.....................
.....##.#.####.#.................
.....##...# #.#...#+##.###......
.....'....# ##.#...#.##.###......
.....###..###..#...#.##.#........
...................#.............


There were no monsters in sight!

Vanquished Creatures
  A dart slug (D:1)
  A ball python (D:1)
  2 giant cockroaches (D:1)
  3 goblins (D:1)
  A hobgoblin (D:1)
  A bat (D:1)
  A frilled lizard (D:1)
  3 kobolds (D:1)
  2 rats (D:1)
15 creatures vanquished.

Notes
Turn   | Place    | Note
-------+----------+-------------------------------------------
     0 | D:1      | Qrupt the Merfolk Venom Mage began the quest for the Orb.
     0 | D:1      | Reached XP level 1. HP: 13/13 MP: 3/3
   529 | D:1      | Reached XP level 2. HP: 19/19 MP: 0/5
   601 | D:1      | Reached skill level 4 in Poison Magic
  1202 | D:1      | Upgraded the game from 0.24-a0-778-g74da537585 to
                  | 0.25-a0-424-g80bd347ae0
  1202 | D:1      | Quit the game

Levels and vault maps discovered:
D:1:      dpeg_arrival_shelter, layout_basic

Skill      XL: |  1  2 |
---------------+-------+-----
Poison Magic   | 4 |  4.3
Dodging        | |  2.6
Stealth        | |  2.1
Spellcasting   | |  2.0
Conjurations   | |  0.7

Action                   || total
-------------------------++-------
Melee: Spear             ||    22
 Cast: Sting             ||    30
 Stab: Sleeping          ||     1
  Eat: Chunk             ||     1
Armor: Robe              ||     8
Dodge: Dodged            ||    20

Table legend:
 A = Non-vault XP
 B = Vault XP
 C = Vault XP percentage of total XP
 D = Non-vault monster count
 E = Vault monster count
 F = Vault count percentage of total count
                 A         B        C        D         E       F
            +---------+---------+-------+---------+---------+-------
      Total |      25 |       0 |   0.0 |      15 |       0 |   0.0
            +---------+---------+-------+---------+---------+-------
        D:1 |      25 |       0 |   0.0 |      15 |       0 |   0.0
            +---------+---------+-------+---------+---------+-------
